PA
CALDWELL CHIEFS @ CHICAGO TULA
07/29/2042
 
TOP OF THE 1ST
Caldwell Chiefs batting - Pitching for Chicago Tula : LHP Herman Stone
Pitching: LHP Herman Stone
Batting: RHB Luis Miguel Monteblanco 0-0: Fly out, F8 (Line Drive, 8RM, EV 92.5 MPH)
Batting: RHB Clark Curtis 0-0: Ball
1-0: Bunted foul
1-1: Ball
2-1: SINGLE (Groundball, 6MD, EV 95.0 MPH)
Batting: RHB Kane Felton 0-0: Ball
1-0: SINGLE (Line Drive, 78S, EV 101.9 MPH)
Clark Curtis to second
Batting: RHB Kuan Pi 0-0: Called Strike
0-1: Foul Ball, location: 2F
0-2: Foul Ball, location: 2F
0-2: Foul Ball, location: 2F
0-2: Fielders Choice at 2nd, 4-6 (Groundball, 34, EV 80.6 MPH)
Clark Curtis to third
Batting: RHB Dan Babauta 0-0: Called Strike
0-1: Swinging Strike
0-2: Ball
1-2: Strikes out swinging
Top of the 1st over - 0 runs, 2 hits, 0 errors, 2 left on base; Caldwell 0 - Chicago 0
BOTTOM OF THE 1ST
Chicago Tula batting - Pitching for Caldwell Chiefs : RHP Helge Zharuev
Pitching: RHP Helge Zharuev
Batting: RHB Esteban Rojas 0-0: Foul Ball, location: 2F
0-1: Foul Ball, location: 2F
0-2: Strikes out swinging
Batting: RHB Jeff Weber 0-0: Called Strike
0-1: Ground out 5-3 (Groundball, 5, EV 102.5 MPH)
Batting: LHB Cisco Grac燰 0-0: Called Strike
0-1: Ball
1-1: Swinging Strike
1-2: Strikes out swinging
Bottom of the 1st over - 0 runs, 0 hits, 0 errors, 0 left on base; Caldwell 0 - Chicago 0
TOP OF THE 2ND
Caldwell Chiefs batting - Pitching for Chicago Tula : LHP Herman Stone
Batting: SHB Da-xia Hui 0-0: Ball
1-0: Called Strike
1-1: Fly out, F9 (Flyball, 89S, EV 90.6 MPH)
Batting: LHB Bob Holmes 0-0: Fly out, F7 (Flyball, 7, EV 89.4 MPH)
Batting: RHB Tim Garner 0-0: Called Strike
0-1: Swinging Strike
0-2: Ball
1-2: Foul Ball, location: 2F
1-2: Strikes out looking
Top of the 2nd over - 0 runs, 0 hits, 0 errors, 0 left on base; Caldwell 0 - Chicago 0
BOTTOM OF THE 2ND
Chicago Tula batting - Pitching for Caldwell Chiefs : RHP Helge Zharuev
Batting: RHB Guillermo Dettori 0-0: Called Strike
0-1: Foul Ball, location: 2F
0-2: Foul Ball, location: 2F
0-2: Ball
1-2: Fly out, F9 (Flyball, 89D, EV 102.5 MPH)
Batting: LHB Andrew Gray 0-0: Ball
1-0: Ball
2-0: Called Strike
2-1: Foul Ball, location: 2F
2-2: Ball
3-2: SINGLE (Groundball, 56D, EV 100.0 MPH)
Batting: RHB Terry Baker 0-0: Called Strike
0-1: Ball
1-1: Ball
2-1: SINGLE (Line Drive, 4D, EV 95.0 MPH)
Andrew Gray to second
Batting: RHB Chad Brown 0-0: Ball
1-0: Called Strike
1-1: Fly out, F8 (Flyball, 8RM, EV 85.6 MPH)
Batting: RHB Millard King 0-0: Ball
1-0: Called Strike
1-1: Ball
2-1: Ball
3-1: Foul Ball, location: 2F
3-2: Foul Ball, location: 2F
3-2: Strikes out swinging
Bottom of the 2nd over - 0 runs, 2 hits, 0 errors, 2 left on base; Caldwell 0 - Chicago 0
TOP OF THE 3RD
Caldwell Chiefs batting - Pitching for Chicago Tula : LHP Herman Stone
Batting: RHB 聲gelo Atenas 0-0: Ball
1-0: Foul Ball, location: 2F
1-1: Ball
2-1: Ground out 4-3 (Groundball, 4M, EV 85.6 MPH)
Batting: RHB Luis Miguel Monteblanco 0-0: Ball
1-0: Ball
2-0: SINGLE (Flyball, 7LS, EV 93.1 MPH)
Batting: RHB Clark Curtis 0-0: Ball
Luis Miguel Monteblanco steals 2nd base
1-0: Ball
2-0: SINGLE (Line Drive, 7S, EV 100.0 MPH)
Luis Miguel Monteblanco to third
Runner from 3rd tries for Home, SAFE, throw by LF to home
Batting: RHB Kane Felton 0-0: Ball
1-0: Called Strike
1-1: SINGLE (Line Drive, 8RS, EV 90.6 MPH)
Clark Curtis to second
Batting: RHB Kuan Pi 0-0: Called Strike
0-1: Foul Ball, location: 2F
0-2: Foul Ball, location: 2F
0-2: Ball
1-2: Foul Ball, location: 2F
1-2: Ball
2-2: Ball
3-2: Fly out, F7 (Flyball, 7D, EV 97.5 MPH)
Batting: RHB Dan Babauta 0-0: SINGLE (Line Drive, 9S, EV 89.4 MPH)
Clark Curtis to third
Kane Felton to second
Batting: SHB Da-xia Hui 0-0: Ball
1-0: Ball
2-0: Called Strike
2-1: Foul Ball, location: 2F
2-2: Ball
3-2: Strikes out swinging
Top of the 3rd over - 1 run, 4 hits, 0 errors, 3 left on base; Caldwell 1 - Chicago 0
BOTTOM OF THE 3RD
Chicago Tula batting - Pitching for Caldwell Chiefs : RHP Helge Zharuev
Batting: RHB Joe Goff 0-0: Ground out 1-3 (Groundball, P, EV 83.8 MPH)
Batting: RHB Esteban Rojas 0-0: Called Strike
0-1: Ball
1-1: Foul Ball, location: 2F
1-2: Ball
2-2: Ball
3-2: Fly out, F9 (Flyball, 9S, EV 90.0 MPH)
Batting: RHB Jeff Weber 0-0: Ball
1-0: Ball
2-0: Called Strike
2-1: Swinging Strike
2-2: Fly out, F8 (Flyball, 8RM, EV 88.8 MPH)
Bottom of the 3rd over - 0 runs, 0 hits, 0 errors, 0 left on base; Caldwell 1 - Chicago 0
TOP OF THE 4TH
Caldwell Chiefs batting - Pitching for Chicago Tula : LHP Herman Stone
Batting: LHB Bob Holmes 0-0: Ball
1-0: Foul Ball, location: 2F
1-1: Fly out, F8 (Line Drive, 8LD, EV 103.1 MPH)
Batting: RHB Tim Garner 0-0: Called Strike
0-1: Swinging Strike
0-2: Ball
1-2: Strikes out swinging
Batting: RHB 聲gelo Atenas 0-0: Ball
1-0: Called Strike
1-1: Ball
2-1: Ball
3-1: Foul Ball, location: 2F
3-2: Strikes out swinging
Top of the 4th over - 0 runs, 0 hits, 0 errors, 0 left on base; Caldwell 1 - Chicago 0
BOTTOM OF THE 4TH
Chicago Tula batting - Pitching for Caldwell Chiefs : RHP Helge Zharuev
Batting: LHB Cisco Grac燰 0-0: Ball
1-0: Ball
2-0: Fly out, F7 (Flyball, 7, EV 90.0 MPH)
Batting: RHB Guillermo Dettori 0-0: Ball
1-0: Called Strike
1-1: Ball
2-1: Fly out, F8 (Flyball, 8RS, EV 80.0 MPH)
Batting: LHB Andrew Gray 0-0: Ball
1-0: Swinging Strike
1-1: Foul Ball, location: 2F
1-2: Ball
2-2: Ball
3-2: Base on Balls
Batting: RHB Terry Baker 0-0: Called Strike
0-1: Fly out, F9 (Flyball, 9D, EV 89.4 MPH)
Bottom of the 4th over - 0 runs, 0 hits, 0 errors, 1 left on base; Caldwell 1 - Chicago 0
TOP OF THE 5TH
Caldwell Chiefs batting - Pitching for Chicago Tula : LHP Herman Stone
Batting: RHB Luis Miguel Monteblanco 0-0: Called Strike
0-1: Bunt - Flyout to 3S! F3
Batting: RHB Clark Curtis 0-0: Called Strike
0-1: Foul Ball, location: 2F
0-2: Ball
1-2: Ball
2-2: Ball
3-2: Base on Balls
Batting: RHB Kane Felton 0-0: Ball
1-0: Ball
2-0: Called Strike
2-1: Called Strike
2-2: Foul Ball, location: 2F
2-2: Ball
3-2: Strikes out swinging
Batting: RHB Kuan Pi 0-0: Called Strike
0-1: Ball
1-1: Ball
2-1: Ball
3-1: Base on Balls
Clark Curtis to second
Batting: RHB Dan Babauta 0-0: 3-RUN HOME RUN (Line Drive, 78XD, EV 99.4 MPH), Distance : 403 ft
Batting: SHB Da-xia Hui 0-0: Ball
1-0: Ball
2-0: Fly out, F3 (Line Drive, 3, EV 76.9 MPH)
Top of the 5th over - 3 runs, 1 hit, 0 errors, 0 left on base; Caldwell 4 - Chicago 0
BOTTOM OF THE 5TH
Chicago Tula batting - Pitching for Caldwell Chiefs : RHP Helge Zharuev
Batting: RHB Chad Brown 0-0: Foul Ball, location: 2F
0-1: Ball
1-1: Swinging Strike
1-2: Foul Ball, location: 2F
1-2: Strikes out swinging
Batting: RHB Millard King 0-0: Ball
1-0: Ball
2-0: Ground out 1-3 (Groundball, 13, EV 85.6 MPH)
Batting: RHB Joe Goff 0-0: Called Strike
0-1: Ball
1-1: Ball
2-1: Ball
3-1: Called Strike
3-2: Foul Ball, location: 2F
3-2: Strikes out looking
Bottom of the 5th over - 0 runs, 0 hits, 0 errors, 0 left on base; Caldwell 4 - Chicago 0
TOP OF THE 6TH
Caldwell Chiefs batting - Pitching for Chicago Tula : LHP Herman Stone
Batting: LHB Bob Holmes 0-0: Called Strike
0-1: Ground out 4-3 (Groundball, 4, EV 100.6 MPH)
Batting: RHB Tim Garner 0-0: Called Strike
0-1: Ground out 6-3 (Groundball, 6, EV 108.1 MPH)
Batting: RHB 聲gelo Atenas 0-0: Swinging Strike
0-1: Ball
1-1: Foul Ball, location: 2F
1-2: Strikes out swinging
Top of the 6th over - 0 runs, 0 hits, 0 errors, 0 left on base; Caldwell 4 - Chicago 0
BOTTOM OF THE 6TH
Chicago Tula batting - Pitching for Caldwell Chiefs : RHP Helge Zharuev
Batting: RHB Esteban Rojas 0-0: Called Strike
0-1: Foul Ball, location: 2F
0-2: Ball
1-2: Ball
2-2: Ball
3-2: Fly out, F7 (Flyball, 78M, EV 96.9 MPH)
Batting: RHB Jeff Weber 0-0: Called Strike
0-1: Foul Ball, location: 2F
0-2: Ball
1-2: Foul Ball, location: 2F
1-2: Ground out 6-3 (Groundball, 6, EV 100.6 MPH)
Batting: LHB Cisco Grac燰 0-0: Foul Ball, location: 2F
0-1: Ball
1-1: Ground out 5-3 (Groundball, 5, EV 103.8 MPH)
Bottom of the 6th over - 0 runs, 0 hits, 0 errors, 0 left on base; Caldwell 4 - Chicago 0
TOP OF THE 7TH
Caldwell Chiefs batting - Pitching for Chicago Tula : LHP Herman Stone
Batting: RHB Luis Miguel Monteblanco 0-0: Swinging Strike
0-1: Fly out, F9 (Flyball, 9LSF, EV 87.5 MPH)
Pitching: LHP Pat Davies
Batting: RHB Clark Curtis 0-0: Ball
1-0: Foul Ball, location: 2F
1-1: Hit by Pitch
Batting: RHB Kane Felton 0-0: Fielders Choice at 2nd, 6-4 (Groundball, 6M, EV 106.2 MPH)
Batting: RHB Kuan Pi 0-0: Foul Ball, location: 2F
0-1: Ball
1-1: Called Strike
1-2: Ball
2-2: Foul Ball, location: 2F
2-2: Ball
3-2: Foul Ball, location: 2F
3-2: Foul Ball, location: 2F
3-2: Strikes out looking
Top of the 7th over - 0 runs, 0 hits, 0 errors, 1 left on base; Caldwell 4 - Chicago 0
BOTTOM OF THE 7TH
Chicago Tula batting - Pitching for Caldwell Chiefs : RHP Helge Zharuev
Batting: RHB Guillermo Dettori 0-0: Fly out, F9 (Flyball, 9, EV 90.0 MPH)
Batting: LHB Andrew Gray 0-0: Ball
1-0: Swinging Strike
1-1: Ball
2-1: Ground out U3 (Groundball, 3, EV 78.1 MPH)
Batting: RHB Terry Baker 0-0: Ball
1-0: Called Strike
1-1: Fly out, F9 (Line Drive, 89M, EV 87.5 MPH)
Bottom of the 7th over - 0 runs, 0 hits, 0 errors, 0 left on base; Caldwell 4 - Chicago 0
TOP OF THE 8TH
Caldwell Chiefs batting - Pitching for Chicago Tula : LHP Pat Davies
Batting: RHB Dan Babauta 0-0: Ball
1-0: SINGLE (Line Drive, 89S, EV 111.2 MPH)
Batting: SHB Da-xia Hui 0-0: Ball
1-0: Ball
2-0: Sac Bunt to 25 - play at first, batter OUT! 5-3
Dan Babauta to second
Batting: LHB Bob Holmes 0-0: Ball
1-0: SINGLE (Line Drive, 3D, EV 95.6 MPH)
Dan Babauta to third
Runner from 3rd tries for Home, SAFE, no throw by RF
Batting: RHB Tim Garner 0-0: Foul Ball, location: 2F
0-1: Ball
1-1: Ball
2-1: Ball
3-1: Base on Balls
Bob Holmes to second
Batting: RHB 聲gelo Atenas 0-0: Foul Ball, location: 2F
0-1: Swinging Strike
0-2: Ball
1-2: Ball
2-2: Ball
3-2: Foul Ball, location: 2F
3-2: Ground out 5-3 (Groundball, 56S, EV 67.5 MPH)
Bob Holmes to third
Tim Garner to second
Batting: RHB Luis Miguel Monteblanco 0-0: Ball
1-0: Swinging Strike
1-1: SINGLE (Line Drive, 9S, EV 101.9 MPH)
Bob Holmes scores
Tim Garner to third
Runner from 3rd tries for Home, SAFE, throw by RF to home
Batting: RHB Clark Curtis 0-0: SINGLE (Line Drive, 5D, EV 94.4 MPH)
Luis Miguel Monteblanco to second
Batting: RHB Kane Felton 0-0: Fly out, F7 (Flyball, 7S, EV 85.0 MPH)
Top of the 8th over - 3 runs, 4 hits, 0 errors, 2 left on base; Caldwell 7 - Chicago 0
BOTTOM OF THE 8TH
Chicago Tula batting - Pitching for Caldwell Chiefs : RHP Helge Zharuev
Batting: RHB Chad Brown 0-0: Foul Ball, location: 2F
0-1: Foul Ball, location: 2F
0-2: Ball
1-2: Fly out, F8 (Flyball, 8RM, EV 88.1 MPH)
Pitching: LHP Jim Nasium
Batting: RHB Millard King 0-0: Ball
1-0: Called Strike
1-1: Fly out, F6 (Line Drive, 6, EV 71.2 MPH)
Batting: RHB Joe Goff 0-0: Ground out 4-3 (Groundball, 34, EV 90.6 MPH)
Bottom of the 8th over - 0 runs, 0 hits, 0 errors, 0 left on base; Caldwell 7 - Chicago 0
TOP OF THE 9TH
Caldwell Chiefs batting - Pitching for Chicago Tula : LHP Pat Davies
Pinch Hitting: RHB Derrick Davis 0-0: Ball
1-0: Ball
2-0: Ball
3-0: Called Strike
3-1: Base on Balls
Batting: RHB Dan Babauta 0-0: Called Strike
0-1: Foul Ball, location: 2F
0-2: Ball
1-2: Ball
2-2: Fielders Choice at 2nd, 3-6 (Groundball, 34, EV 88.1 MPH)
Batting: SHB Da-xia Hui 0-0: Ball
1-0: Foul Ball, location: 2F
1-1: Ball
2-1: Ball
3-1: DOUBLE (Flyball, 89D, EV 93.8 MPH)
Dan Babauta to third
Batting: LHB Bob Holmes 0-0: Foul Ball, location: 2F
0-1: Ball
1-1: Ball
2-1: SINGLE (Groundball, 4MD, EV 93.8 MPH)
Dan Babauta scores
Da-xia Hui to third
Runner from 3rd tries for Home, SAFE, no throw by CF
Pitching: LHP Sancho Altagracia
Batting: RHB Tim Garner 0-0: Ball
1-0: Ball
2-0: Ball
3-0: Called Strike
3-1: Foul Ball, location: 2F
3-2: Base on Balls
Bob Holmes to second
Batting: RHB 聲gelo Atenas 0-0: Ball
1-0: Foul Ball, location: 2F
1-1: Fielders Choice at 2nd, 6-4 (Groundball, 56, EV 84.4 MPH)
Bob Holmes to third
Batting: RHB Luis Miguel Monteblanco 0-0: Ground out 3-1 (Groundball, 34, EV 105.6 MPH)
Top of the 9th over - 2 runs, 2 hits, 0 errors, 2 left on base; Caldwell 9 - Chicago 0
BOTTOM OF THE 9TH
Chicago Tula batting - Pitching for Caldwell Chiefs : LHP Jim Nasium
Now at 3B: Derrick Davis
Batting: RHB Esteban Rojas 0-0: Ball
1-0: Ground out 6-3 (Groundball, 6, EV 105.6 MPH)
Batting: RHB Jeff Weber 0-0: Called Strike
0-1: Ball
1-1: Swinging Strike
1-2: Ball
2-2: Ball
3-2: Fly out, F6 (Popup, 4M, EV 53.1 MPH)
Batting: LHB Cisco Grac燰 0-0: Ball
1-0: Called Strike
1-1: Foul Ball, location: 2F
1-2: Ball
2-2: Ball
3-2: Strikes out swinging
Bottom of the 9th over - 0 runs, 0 hits, 0 errors, 0 left on base; Caldwell 9 - Chicago 0
Friday, March 26th, 2021 - OOTP Baseball 20.8 Build 74